 Dungeon Crawl Stone Soup version 0.23.1 (console) character file.

Game seed: 16100390003785947536

1194 fly the Ducker (level 8, -1/67 HPs)
             Began as an Ogre Fire Elementalist on Mar 15, 2019.
             Was a Follower of Uskayaw.
             Slain by a bullfrog zombie (4 damage)
             ... on level 6 of the Dungeon.
             The game lasted 00:13:51 (7946 turns).

fly the Ducker (Ogre Fire Elementalist)             Turns: 7946, Time: 00:13:52

Health: -1/67      AC:  3    Str: 13      XL:     8   Next: 44%
Magic:  12/12      EV: 10    Int: 16      God:    Uskayaw [*.....]
Gold:   352        SH:  0    Dex:  4 (11) Spells: 1/13 levels left

rFire    + . .     SeeInvis .   b - +0 quarterstaff (crush)
rCold    x . .     Gourm    .   (shield currently unavailable)
rNeg     . . .     Faith    .   y - +0 robe
rPois    +         Spirit   .   (helmet restricted)
rElec    .         Reflect  .   (no cloak)
rCorr    .         Harm     .   (gloves unavailable)
MR       .....                  (boots unavailable)
Stlth    +.........             (no amulet)
HPRegen  0.21/turn              s - ring of poison resistance
MPRegen  0.13/turn              k - ring of fire

@: no status effects
A: large, unfitting armour, tough skin 1
a: Stomp, Renounce Religion


You were on level 6 of the Dungeon.
You worshipped Uskayaw.
Uskayaw was noncommittal.
You were not hungry.

You visited 2 branches of the dungeon, and saw 7 of its levels.

You collected 352 gold pieces.

Inventory:

Hand Weapons
 a - a +1 whip of venom
 b - a +0 quarterstaff of crushing (weapon)
Armour
 y - a +0 robe (worn)
Jewellery
 f - an uncursed ring of protection from fire
 k - a ring of fire (right hand)
 q - an uncursed ring of flight
 s - a ring of poison resistance (left hand)
Scrolls
 d - 2 scrolls of enchant armour
 e - 2 scrolls of enchant weapon
 g - 3 scrolls of fog
 i - a scroll of magic mapping
 m - a scroll of amnesia
 n - 3 scrolls of blinking
 u - a scroll of random uselessness {unknown}
 v - a scroll of teleportation
Potions
 h - a potion of agility {unknown}
 j - 2 potions of curing {unknown}
 o - a potion of cancellation {unknown}
 p - a potion of flight {unknown}
 t - a potion of lignification {unknown}
Comestibles
 c - 17 rations


   Skills:
 - Level 6.0 Dodging
 - Level 1.4 Stealth
 - Level 3.0 Spellcasting
 + Level 5.0 Conjurations
 + Level 5.0 Fire Magic


You had one spell level left.
You knew the following spells:

 Your Spells              Type           Power        Failure   Level  Hunger
c - Conjure Flame         Conj/Fire      ####....     7%          3    ###....
n - Inner Flame           Hex/Fire       ###.....     21%         3    ###....
t - Fireball              Conj/Fire      ####......   54%         5    ######.
z - Flame Tongue          Conj/Fire      ####.        2%          1    #......

Your spell library contained the following spells:

 Spells                   Type           Power        Failure   Level  Hunger
 Throw Flame              Conj/Fire      ####..       3%          2    ##.....
 Sticky Flame             Conj/Fire      ####....     22%         4    #####..


Dungeon Overview and Level Annotations

Branches:
Dungeon (6/15)             Temple (1/1) D:5

Altars:
Ashenzari
Cheibriados
Dithmenos
Elyvilon
Fedhas
Gozag
Hepliaklqana
Kikubaaqudgha
Makhleb
Nemelex Xobeh
Okawaru
Qazlal
Ru
Sif Muna
Trog
Uskayaw
Vehumet
Wu Jian
Xom
Yredelemnul
Zin
The Shining One

Shops:
D:4 :   D:6 }


Innate Abilities, Weirdness & Mutations

You are too large for most types of armour.
You have tough skin. (AC +1)


Message History

The iguana hisses angrily.
The bullfrog zombie hits you.
* * * LOW HITPOINT WARNING * * *
You barely miss the bullfrog zombie. The bullfrog zombie hits you.
* * * LOW HITPOINT WARNING * * *
You hit the bullfrog zombie.
The bullfrog zombie is lightly damaged.
The bullfrog zombie hits you.
* * * LOW HITPOINT WARNING * * *
The bullfrog zombie hits you.
* * * LOW HITPOINT WARNING * * *
You hit the bullfrog zombie.
The bullfrog zombie is moderately damaged.
The bullfrog zombie hits you.
* * * LOW HITPOINT WARNING * * *
The bullfrog zombie barely misses you. The bullfrog zombie barely misses you.
The bullfrog zombie hits you.
* * * LOW HITPOINT WARNING * * *
The bullfrog zombie barely misses you. The bullfrog zombie hits you.
You die...

#...... ..# . #.....
..##### '# #.... ......#
...#... .#....# ...#..#
.#....# .'..## ##.#....#
####...## ##..#....#
........## ##.@##....#
.........## ##.lZ......#
..........###..........#
...................#####
....#####.+#.......#
..).# #...#########
....# #...........#
....# ##..##.....##
....# #####.....#####


You could see an iguana and a bullfrog zombie.

Vanquished Creatures
  A sky beast (D:4)
  A centaur (D:5)
  3 ogres
  A bullfrog (D:6)
  A scorpion (D:6)
  A howler monkey (D:6)
  A hound (D:5)
  2 orc priests (D:3)
  3 jellies (D:4)
  A bullfrog skeleton (D:4)
  2 orc wizards
  2 worker ants
  8 gnolls (D:4)
  A worker ant zombie (D:5)
  10 adders
  8 oozes (D:4)
  2 worms
  4 dart slugs
  3 leopard geckos
  8 orcs
  9 bats
  3 giant cockroaches
  8 hobgoblins
  6 jackals (D:4)
  16 kobolds
  2 quokkas
  A ball python (D:4)
  7 frilled lizards
  8 goblins
  A jackal skeleton (D:6)
  5 rats
129 creatures vanquished.

Vanquished Creatures (others)
  9 toadstools (D:4)
9 creatures vanquished.

Grand Total: 138 creatures vanquished

Notes
Turn   | Place    | Note
-------+----------+-------------------------------------------
     0 | D:1      | fly the Ogre Fire Elementalist began the quest for the Orb.
     0 | D:1      | Reached XP level 1. HP: 16/16 MP: 3/3
    70 | D:1      | Reached skill level 1 in Conjurations
   156 | D:1      | Reached skill level 2 in Dodging
   156 | D:1      | Reached XP level 2. HP: 13/24 MP: 0/5
   892 | D:2      | Reached XP level 3. HP: 20/31 MP: 0/7
  1255 | D:2      | Reached XP level 4. HP: 39/39 MP: 5/8
  1473 | D:2      | You fall through a shaft!
  1644 | D:3      | Learned a level 3 spell: Conjure Flame
  1648 | D:3      | Learned a level 3 spell: Inner Flame
  2029 | D:3      | Found a hide-covered altar of Uskayaw.
  2036 | D:3      | Became a worshipper of Uskayaw the Reveler
  2053 | D:3      | Reached skill level 3 in Dodging
  2076 | D:3      | Reached * piety under Uskayaw
  2125 | D:3      | Reached ** piety under Uskayaw
  2126 | D:3      | Reached XP level 5. HP: 45/45 MP: 5/9
  2130 | D:3      | Reached *** piety under Uskayaw
  2133 | D:3      | Reached **** piety under Uskayaw
  3159 | D:4      | Found a shattered altar of Ashenzari.
  3179 | D:4      | Reached skill level 4 in Dodging
  3179 | D:4      | Reached XP level 6. HP: 53/53 MP: 5/10
  4084 | D:4      | Reached skill level 5 in Dodging
  4299 | D:4      | Reached XP level 7. HP: 12/59 MP: 11/11
  4634 | D:4      | Found a sparkling altar of Nemelex Xobeh.
  4700 | D:4      | Reached skill level 6 in Dodging
  4727 | D:4      | Learned a level 5 spell: Fireball
  4732 | D:4      | Found a basalt altar of Yredelemnul.
  4732 | D:4      | Found a white marble altar of Elyvilon.
  4732 | D:4      | Found a bloodstained altar of Trog.
  4797 | D:4      | Found Ruemasat's Book Shop.
  4977 | D:4      | Found a deep blue altar of Sif Muna.
  5012 | D:5      | Entered Level 5 of the Dungeon
  5562 | D:5      | Found a stormy altar of Qazlal.
  6381 | D:5      | Found a staircase to the Ecumenical Temple.
  6524 | Temple   | Entered the Ecumenical Temple
  7004 | D:5      | Reached XP level 8. HP: 43/67 MP: 8/12
  7055 | D:5      | Found an iron altar of Okawaru.
  7055 | D:5      | Found an ancient bone altar of Kikubaaqudgha.
  7097 | D:6      | Found Ytopsioc's Gadget Emporium.
  7804 | D:6      | Reached skill level 5 in Conjurations
  7804 | D:6      | Reached skill level 5 in Fire Magic
  7943 | D:6      | HP: 2/67 [bullfrog zombie (6)]
  7946 | D:6      | Slain by a bullfrog zombie

Skill      XL: |  1  2  3  4  5  6  7  8 |
---------------+-------------------------+-----
Conjurations   | 1 2 3 4 5 |  5.0
Dodging        | 2 3 4 5 6 |  6.0
Fire Magic     | 3 4 5 |  5.0
Spellcasting   | 3 |  3.0
Stealth        | |  1.4

Action                   |  1- 3 |  4- 6 |  7- 9 || total
-------------------------+-------+-------+-------++-------
Melee: Unarmed           |    17 |    35 |       ||    52
       Whip              |       |     3 |    35 ||    38
       Quarterstaff      |       |       |    13 ||    13
 Cast: Flame Tongue      |    60 |   167 |    90 ||   317
       Conjure Flame     |       |       |     2 ||     2
  Use: Scroll            |       |       |    10 ||    10
 Stab: Paralysed         |       |     2 |       ||     2
  Eat: Chunk             |     1 |     8 |    14 ||    23
Armor: Robe              |    19 |    32 |    60 ||   111
Dodge: Dodged            |    38 |    73 |   131 ||   242
